 Dungeon Crawl Stone Soup version 0.31-a0-358-gac0dbeb3ab (webtiles) character file.

Game seed: 4618988524000229862

9 drugrobin the Sneak (level 1, 0/18 HPs)
             Began as a Demigod Delver on July 25, 2023.
             Succumbed to an adder's poison
             ... on level 4 of the Dungeon.
             The game lasted 00:02:06 (245 turns).

drugrobin the Sneak (Demigod Delver)                 Turns: 245, Time: 00:02:07

Health: 0/18       AC:  3    Str: 13    XL:     1   Next: 93%
Magic:  3/3        EV: 11    Int: 12    God:
Gold:   0          SH:  0    Dex: 15    Spells: 0/0 levels left

rFire   . . .        a - +0 mace
rCold   . . .        (no shield)
rNeg    . . .        b - +0 leather armour
rPois   .            (no helmet)
rElec   .            (no cloak)
rCorr   .            (no gloves)
SInv    .            (no boots)
Will    .....        (no amulet)
Stlth   +++          (no ring)
HPRegen 0.23/turn    (no ring)
MPRegen 0.08/turn

%: no passive effects
@: lethally poisoned (0 -> 0)
A: high MP 1, forlorn, divine attributes
a: no special abilities


You were on level 4 of the Dungeon.
You visited 1 branch of the dungeon, and saw 2 of its levels.

Inventory:

Hand Weapons
 a - a +0 mace (weapon)
Armour
 b - a +0 leather armour (worn)
Wands
 g - a wand of digging (2)
Scrolls
 c - a scroll of fog
 e - a scroll of fear


   Skills:
 - Level 2.6 Fighting
 - Level 1.7(2.1) Maces & Flails
 + Level 1.5(2.0) Staves
 - Level 1.7 Dodging
 - Level 4.5 Stealth


You couldn't memorise any spells.
You didn't know any spells.
Your spell library was empty.

Dungeon Overview and Level Annotations

Branches:
Dungeon (5/15)
 Temple: D:4-7


Innate Abilities, Weirdness & Mutations

You have an increased reservoir of magic. (+10% MP)
You shall have no god before yourself.
Your divine heritage dramatically boosts your attributes as you level up.


Message History

You hit the adder but do no damage.
The adder is heavily wounded.
The adder bites you.
* * * LOW HITPOINT WARNING * * *
You are lethally poisoned!
The adder poisons you!
Unknown command.
Unknown command.
You hit the adder.
The adder is severely wounded.
* * * LOW HITPOINT WARNING * * *
You feel sick. The adder bites you but does no damage.
The adder completely misses you.
Unknown command.
Unknown command.
Unknown command.
You aren't carrying any potions.
Unknown command.
You sock the adder!
You kill the adder!
* * * LOW HITPOINT WARNING * * *
You feel sick.
Your base Staves skill increases to level 1!
Unknown command.
Unknown command.
Unknown command.
There is a lethal amount of poison in your body!
Unknown command.
You aren't carrying any potions.
Unknown command.
Okay, then.
* * * LOW HITPOINT WARNING * * *
You feel sick.
* * * LOW HITPOINT WARNING * * *
You feel sick.
There is a stone staircase leading up here.
Unknown command.
There is a lethal amount of poison in your body!
Unknown command.
You die...

#...........
#..........#
#..........#
#..........#
#..........+
#..........#
#...>......#
#....†.....#
#...@......#
#..........+
#..........#
####+#.....#
......
......
...... .....


There were no monsters in sight!

Vanquished Creatures
  An adder (D:4)
1 creature vanquished.

Notes
Turn   | Place    | Note
-------+----------+-------------------------------------------
     0 | D:5      | drugrobin the Demigod Delver began the quest for the Orb.
     0 | D:5      | Reached XP level 1. HP: 18/18 MP: 3/3
   160 | D:5      | Noticed a hound
   160 | D:5      | Noticed an iguana
   243 | D:4      | Reached skill level 1 in Staves
   245 | D:4      | Succumbed to an adder's poison

Illustrated notes

Levels and vault maps discovered:
D:4:      layout_gridville, old_standard_altar, cheibrodos_sewer_entry_drain
D:5:      layout_basic, mainiacjoe_overflow_alcove_1, kennysheep_mini_moat,
          zin_academy, tso_metal_star, minmay_misc_feat_more_columns,
          hangedman_decor_opposing

Skill      XL: |  1 |
---------------+----+-----
Staves         | 1 |  1.5
Fighting       | |  2.6
Maces & Flails | |  1.7
Dodging        | |  1.7
Stealth        | |  4.5

Action                     || total
---------------------------++-------
  Melee: Mace              ||     6
  Evoke: Wand              ||     1
    Use: Scroll            ||     1
         Potion            ||     1
 Armour: Leather armour    ||     7
  Dodge: Dodged            ||    14

Table legend: (Time is in decaauts)
 A = Elapsed time spent in this place.
 B = Non-inter-level travel time spent in this place.
 C = Inter-level travel time spent in this place.
 D = Time resting spent in this place.
 E = Time spent auto-exploring this place.
 F = Levels seen in this place.
 G = Mean time per level.
                   A        B        C        D        E       F      G
               +--------+--------+--------+--------+--------+-----+--------+
         Total |    233 |    233 |      0 |      0 |      0 |   2 |  116.5 |
       Dungeon |    233 |    233 |      0 |      0 |      0 |   2 |  116.5 |
               +--------+--------+--------+--------+--------+-----+--------+

Top non-repeatable levels by time:
     D:5: 222 daAuts
     D:4: 10 daAuts
